Cogmind - Beta 17 @@@ ROGUE MODE // 2026.08.22 @ 17:26:51 Player: OBLIQUE Result: Destroyed by G-67 Veteran with Plasma Rifle Performance ------------- Evolutions (6) 3000 Regions Visited (29) 5800 Robots Destroyed (309) 1545 Value Destroyed (9720) 9720 Prototype IDs (53) 1060 Alien Tech Used (0) 0 Bonus (2123) 2123 TOTAL SCORE: 23248 Bonus ------- High Alert Combat Kills 449 Follower Combat Kills 174 Entered Garrisons 400 Used RIF Installer 500 Aligned with FarCom 300 Met Data Miner 300 Cogmind --------- Core Integrity 0/1150 Matter 300/300 Energy 96/100 System Corruption 0% Temperature Cool (14) Movement Flying (35) Location -4/Upper Caves Parts ------- > --- POWER (2) -------- (None) > --- PROPULSION (3) --- VTOL Module > --- UTILITY (10) ----- Advanced Signal Interpreter IFF Parser 0b10 Decoder Chip [Generic] Melee Analysis Suite Improved Melee Analysis Suite Hacking Suite Hacking Suite Relay Coupler [Brawler] (64) > --- WEAPON (4) ------- (None) > --- INVENTORY (5) ---- Small Storage Unit Dimensional Node Initializer Improved Heavy Machine Gun Remote Datajack Power Maul Peak State ------------ > --- POWER ------------ Light Angular Momentum Engine Fusion Compressor > --- PROPULSION ------- Compact Wheel Nuclear Pulse Thruster Nuclear Pulse Thruster > --- UTILITY ---------- Makeshift Heat Sink High-capacity Storage Unit Energy Well Enhanced Optical Array Launcher Guidance Computer Nanoactuators > --- WEAPON ----------- Master Tearclaws Master Tearclaws > --- INVENTORY -------- Light Fission Core Nuclear Pulse Thruster High-capacity Storage Unit Matter Compressor Launcher Loader Medium Reactive Plating Focal Shield Relay Coupler [NC] Improved Proton Missile Launcher Tesla Bomb Launcher Rocket Array Rocket Array Scatter Rocket Array Remote Datajack Heavy Mace Master Tearclaws [Rating: 83] Favorites ----------- Power Improved Ion Engine Engine Improved Ion Engine Power Core Fusion Compressor Reactor Cold Fusion Reactor Propulsion Light Treads Treads Light Treads Leg Potential Leg Wheel Compact Wheel Hover Unit Gravmag System Flight Unit Nuclear Pulse Thruster Utility High-capacity Storage Unit Device Improved Heat Sink Storage High-capacity Storage Unit Processor Advanced Targeting Computer Hackware Relay Coupler [NC] Protection Medium Armor Plating Weapon Shotgun Energy Gun Heavy Riot Gun Ballistic Gun Shotgun Launcher Improved Proton Missile Launcher Special Weapon Remote Datajack Impact Weapon Heavy Mace Slashing Weapon Chainsword Special Melee Weapon Datajack Build | -11 -10 -10 -9 -9 -9 -8 -8 -7 -7 -7 -7 -7 -7 -6 -6 -6 -6 -6 -6 -6 -5 -5 -5 -5 -5 -4 -4 -4 -4 ------- Run | Yrd Mat Min Mat Min Exi Min Mat Fac Gar Fac Low Low Dat Pro Fac Gar Fac Low Low Zio Pro Fac Upp Upp War Pro Fac Upp Upp Slots Evolved 12 | . . . 2 . . . 2 2 . . . . . . 2 . . . . . . 2 . . . . 2 . . Power 1 | . . . . . . . . . . . . . . . 1 . . . . . . . . . . . . . . Propulsion 1 | . . . . . . . 1 . . . . . . . . . . . . . . . . . . . . . . Utility 8 | . . . 1 . . . 1 2 . . . . . . . . . . . . . 2 . . . . 2 . . Weapon 2 | . . . 1 . . . . . . . . . . . 1 . . . . . . . . . . . . . . Parts Attached 192 | 6 7 5 19 4 2 1 24 3 25 5 1 2 . 9 5 . 16 2 7 16 1 5 . 2 . 1 14 10 . Power 23 | 1 . 1 3 1 . . 2 . 3 . 1 . . 1 2 . 3 . . 1 . . . . . . 1 3 . Engine 16 | 1 . 1 3 1 . . 2 . 3 . 1 . . 1 1 . 1 . . . . . . . . . . 1 . Core 5 | . . . . . . . . . . . . . . . . . 2 . . 1 . . . . . . 1 1 . Reactor 2 | . . . . . . . . . . . . . . . 1 . . . . . . . . . . . . 1 . Propulsion 40 | 2 . 1 8 1 2 . 2 . 5 1 . 1 . 1 1 . 5 . . 3 . 2 . . . . 2 3 . Treads 20 | 2 . 1 8 1 . . . . 3 1 . 1 . 1 . . 2 . . . . . . . . . . . . Leg 7 | . . . . . 2 . 2 . 2 . . . . . 1 . . . . . . . . . . . . . . Wheel 4 | . . . . . . . . . . . . . . . . . 3 . . . . . . . . . 1 . . Hover 2 | . . . . . . . . . . . . . . . . . . . . . . 1 . . . . 1 . . Flight 7 | . . . . . . . . . . . . . . . . . . . . 3 . 1 . . . . . 3 . Utility 65 | 1 2 1 6 2 . . 9 1 7 2 . . . 3 . . 4 1 5 10 . 2 . 2 . 1 3 3 . Device 24 | . 1 1 3 1 . . 7 . 3 1 . . . . . . 1 . 3 1 . 1 . . . . . 1 . Storage 7 | 1 1 . 1 . . . 2 . . . . . . . . . . 1 . . . . . . . . 1 . . Processor 18 | . . . . . . . . 1 1 . . . . 2 . . 2 . 1 5 . 1 . 2 . 1 2 . . Hackware 8 | . . . . . . . . . 1 . . . . . . . 1 . . 4 . . . . . . . 2 . Protection 8 | . . . 2 1 . . . . 2 1 . . . 1 . . . . 1 . . . . . . . . . . Artifact . | . . . . . . . . . . . . . . . . . . . . . . . . . . . . . . Weapon 64 | 2 5 2 2 . . 1 11 2 10 2 . 1 . 4 2 . 4 1 2 2 1 1 . . . . 8 1 . Energy Gun 9 | 2 . . . . . . 2 . 1 2 . 1 . . . . . . . . . . . . . . 1 . . Energy Cannon . | . . . . . . . . . . . . . . . . . . . . . . . . . . . . . . Ballistic Gun 33 | . 4 1 2 . . 1 9 1 6 . . . . 1 2 . 1 . . . . . . . . . 5 . . Ballistic Cannon . | . . . . . . . . . . . . . . . . . . . . . . . . . . . . . . Launcher 8 | . . . . . . . . . 3 . . . . 3 . . 1 1 . . . . . . . . . . . Special Weapon 2 | . . 1 . . . . . . . . . . . . . . . . 1 . . . . . . . . . . Impact Weapon 4 | . . . . . . . . 1 . . . . . . . . 2 . 1 . . . . . . . . . . Slashing Weapon 4 | . . . . . . . . . . . . . . . . . . . . 2 1 . . . . . . 1 . Piercing Weapon . | . . . . . . . . . . . . . . . . . . . . . . . . . . . . . . Special Melee Weapon 4 | . 1 . . . . . . . . . . . . . . . . . . . . 1 . . . . 2 . . Unidentified Prototypes 13 | . . . . . . . 3 . . 1 . . . 3 1 . . . . 4 . . . . . . 1 . . Corrupted Parts 8 | . . . . . . . . . . . . . . . . . . . 1 7 . . . . . . . . . System Corruption 79 | . . . . . . . . . . . . . . . . . . . 10 69 . . . . . . . . . Parts Lost 66 | . 1 1 3 . . . 2 . 7 . 1 . . 3 3 2 14 . 3 7 . . 4 2 . . 8 3 2 Power 9 | . . . 1 . . . . . 2 . 1 . . . . . 3 . . 1 . . . . . . 1 . . Propulsion 19 | . . . 1 . . . . . . . . . . 2 1 1 4 . 1 3 . . . 2 . . 2 . 2 Utility 18 | . . 1 . . . . 2 . 3 . . . . 1 . . 1 . 1 2 . . 4 . . . 1 2 . Weapon 20 | . 1 . 1 . . . . . 2 . . . . . 2 1 6 . 1 1 . . . . . . 4 1 . Highest Loss Streak 7 | . 1 1 1 . . . 1 . 4 . 1 . . 2 2 1 4 . 2 7 . . 3 1 . . 4 3 2 To Critical Strikes . | . . . . . . . . . . . . . . . . . . . . . . . . . . . . . . Average Backups 17 | 1 12 14 17 19 20 19 19 19 18 19 19 18 20 19 19 20 18 17 17 11 2 3 2 1 2 2 4 5 5 Power 1 | . 1 1 1 3 3 3 3 2 2 2 1 1 1 1 . . . . . . . . . . . . . . . Propulsion 2 | 1 6 7 6 2 1 1 . 2 2 2 2 2 3 2 . . . . . 1 . . . . . . . . . Utility 4 | . 1 1 2 2 3 4 4 4 3 5 7 6 7 7 8 10 10 10 10 4 . . . . . . 2 1 1 Weapon 6 | . 2 4 5 11 11 10 9 10 9 8 8 7 8 7 8 8 7 6 5 3 . . . . . . . 1 2 Tool/Special . | . . . . . . . . . . . . . . . . . . . . . . . . . . . . . . Unused Backups 50 | . 3 1 8 . 1 2 13 . 4 1 . 1 . 2 . . 2 . 5 4 . . . . . . . . 3 Power 4 | . 1 . . . . . 2 . 1 . . . . . . . . . . . . . . . . . . . . Propulsion 13 | . 1 1 6 . . 1 2 . 1 1 . . . . . . . . . . . . . . . . . . . Utility 10 | . 1 . . . . . 2 . . . . . . 1 . . 1 . 3 1 . . . . . . . . 1 Weapon 22 | . . . 2 . 1 1 7 . 2 . . 1 . 1 . . 1 . 2 3 . . . . . . . . 1 Tool/Special 1 | . . . . . . . . . . . . . . . . . . . . . . . . . . . . . 1 Average Slot Usage (%) 93 | . 93 98 99 100 99 100 99 91 92 98 98 100 100 97 98 95 86 92 89 69 46 54 45 27 29 30 35 58 66 Engine 8 | . 14 14 10 11 11 11 9 7 6 7 5 7 7 7 12 6 3 6 6 3 . . . . . . . . . Treads 13 | . 28 28 22 22 13 . . . 3 23 23 23 23 22 14 9 3 6 4 . . . . . . . . . . Leg 5 | . . . . . 8 22 27 23 18 . . . . . 4 6 2 . . . . . . . . . . . . Device 13 | . 7 12 11 11 11 11 23 28 24 28 23 23 23 20 13 13 5 . 1 7 6 7 4 . . . . 2 5 Storage 9 | . 14 14 11 11 11 11 9 7 7 7 7 7 7 7 6 6 6 12 13 10 . . . . . . . 3 3 Processor 6 | . . . . . . . . 1 5 7 7 7 7 10 20 20 20 20 18 12 13 14 13 17 23 24 22 21 21 Hackware 1 | . . . . . . . . . . . . . . . . . 4 6 5 3 20 17 8 5 5 5 5 11 15 Protection 4 | . . . 9 11 11 11 2 . 2 1 7 7 7 4 . . . . . 1 . . . . . . . . . Energy Gun 1 | . 13 . . . . . . . 2 3 7 7 7 2 1 . . . . . . . . . . . . . . Ballistic Gun 19 | . 7 27 32 33 33 33 26 22 15 14 15 15 15 16 17 20 7 . . . . . . . . . 1 . . Launcher 1 | . . . . . . . . . 3 4 . . . 2 6 5 2 12 13 4 . . . . . . . . . Special Melee Weapon 1 | . 7 . . . . . . . . . . . . . . . 4 6 1 . . 2 5 . . . 2 . . Peak Build Rating 83 | 6 10 15 22 20 40 40 56 63 78 61 56 56 56 58 69 69 66 57 63 83 55 66 66 31 19 26 43 58 58 Average Rating 38 | 5 7 10 19 20 27 40 51 60 62 56 55 53 56 55 64 67 53 56 58 56 43 52 42 19 19 19 31 46 51 On Entrance 41 | . 6 10 15 20 20 40 40 55 62 54 56 55 56 56 54 69 62 53 57 63 43 43 66 31 19 19 26 38 58 Avg Prop Armor Cover (%) 8 | . . . . . . . . . 18 7 7 7 7 7 8 8 9 9 9 5 . 10 . . . . 9 . . Naked Turns . | . . . . . . . . . . . . . . . . . . . . . . . . . . . . . . Heaviest Build 103 | 14 32 36 66 64 64 64 67 63 81 79 76 71 71 71 84 84 79 80 103 103 13 3 3 1 . . 13 16 14 Greatest Support 85 | 40 40 40 40 40 60 60 75 75 85 60 40 48 48 76 68 30 32 16 16 18 6 19 19 19 3 3 16 18 18 Greatest Overweight (x) 15 | . . . 1 1 2 1 . . 15 1 1 1 1 1 2 2 7 4 6 6 2 . . . . . . . . Average Overweight (x) . | . . . . 1 1 1 . . . 1 1 1 1 . 1 2 2 4 4 1 . . . . . . . . . Largest Inventory Capacity 20 | 8 15 15 20 20 20 20 20 20 20 20 20 20 20 20 20 20 20 20 20 20 5 5 5 5 5 5 8 8 8 Average Capacity 18 | 7 14 15 18 20 20 20 20 20 20 20 20 20 20 20 20 20 20 20 20 15 5 5 5 5 5 5 5 6 6 Most Carried 20 | 4 15 15 20 20 20 20 20 20 20 20 20 20 20 20 20 20 20 20 20 20 5 5 5 2 2 5 5 6 6 Average Carried 17 | 2 12 14 17 19 19 19 19 19 18 18 19 18 20 19 19 20 19 18 19 14 4 5 3 1 2 2 4 5 5 Final Capacity 20 | 8 15 15 20 20 20 20 20 20 20 20 20 20 20 20 20 20 20 20 20 5 5 5 5 5 5 5 5 8 5 Final Carried 20 | 4 14 15 20 20 20 20 20 19 19 20 19 20 20 19 20 20 20 19 20 5 5 5 1 2 2 5 4 6 5 Class Distribution -------------------- 27% | Mutant 25% | Scavenger-Gunner 16% | Tank 8% | Skirmisher 7% | Scavenger-Skirmisher 4% | Scavenger-Mutant 3% | Scavenger-Tank 3% | Derelict-Mutant Dominant Class ---------------- Mutant | -10/Materials Mutant | -10/Mines Tank | -9/Materials Tank | -9/Mines Scavenger-Tank | -9/Exiles Skirmisher | -8/Mines Scavenger-Skirmisher | -8/Materials Gunner | -7/Factory Scavenger-Gunner | -7/Garrison Scavenger-Gunner | -7/Factory Scavenger-Gunner | -7/Lower Caves Scavenger-Gunner | -7/Lower Caves Scavenger-Gunner | -7/Data Miner Scavenger-Gunner | -6/Proximity Caves Scavenger-Gunner | -6/Factory Scavenger-Gunner | -6/Garrison Scavenger-Mutant | -6/Factory Mutant | -6/Lower Caves Mutant | -6/Lower Caves Mutant | -6/Zion Mutant | -5/Proximity Caves Mutant | -5/Factory Mutant | -5/Upper Caves Mutant | -5/Upper Caves Mutant | -5/Warlord Mutant | -4/Proximity Caves Derelict-Mutant | -4/Factory Derelict-Mutant | -4/Upper Caves Derelict-Mutant | -4/Upper Caves Resources | -11 -10 -10 -9 -9 -9 -8 -8 -7 -7 -7 -7 -7 -7 -6 -6 -6 -6 -6 -6 -6 -5 -5 -5 -5 -5 -4 -4 -4 -4 ----------- Run | Yrd Mat Min Mat Min Exi Min Mat Fac Gar Fac Low Low Dat Pro Fac Gar Fac Low Low Zio Pro Fac Upp Upp War Pro Fac Upp Upp Matter Collected 9022 | 190 258 386 1268 379 . 192 1585 . 1023 380 208 182 . 663 338 . 933 211 211 14 57 . 56 55 . 43 191 199 . Remotely 82 | . . . . . . . . . . 82 . . . . . . . . . . . . . . . . . . . Salvage Created 11551 | . 442 938 1975 717 . 176 2322 . 1068 393 251 146 . 590 573 132 1024 . 501 . . . . . . . 223 80 . Parts 585 | . 23 31 110 44 . 15 124 . 62 20 14 8 . 35 13 7 31 . 25 . . . . . . . 13 10 . Haulers Intercepted 12 | . . . 5 . . . 5 . . 2 . . . . . . . . . . . . . . . . . . . Recyclers Shooed 8 | . 1 1 2 2 . . 2 . . . . . . . . . . . . . . . . . . . . . . Parts Field Recycled . | . . . . . . . . . . . . . . . . . . . . . . . . . . . . . . Retrieved Matter . | . . . . . . . . . . . . . . . . . . . . . . . . . . . . . . Parts Self-Destructed 68 | . . . . . . . . . . . 14 11 . 26 . . . 1 3 . . . 5 . . . . 8 . Prevented 9 | . . . . . . . . . . . . 1 . 5 . . . . 3 . . . . . . . . . . Parts Restored . | . . . . . . . . . . . . . . . . . . . . . . . . . . . . . . Kills | -11 -10 -10 -9 -9 -9 -8 -8 -7 -7 -7 -7 -7 -7 -6 -6 -6 -6 -6 -6 -6 -5 -5 -5 -5 -5 -4 -4 -4 -4 ------- Run | Yrd Mat Min Mat Min Exi Min Mat Fac Gar Fac Low Low Dat Pro Fac Gar Fac Low Low Zio Pro Fac Upp Upp War Pro Fac Upp Upp Combat Hostiles Destroyed 230 | . 10 14 30 14 . 12 34 . 30 5 8 4 . 14 13 9 12 . 9 . . . . . . . 8 4 . Melee 3 | . . . . . . . . . . . . . . . . . 3 . . . . . . . . . . . . Guns 184 | . 8 14 30 14 . 12 34 . 25 5 8 4 . 12 3 1 3 . . . . . . . . . 7 4 . AOE 37 | . 1 . . . . . . . 5 . . . . 2 10 8 5 . 5 . . . . . . . 1 . . Classes Destroyed 22 | . 4 2 5 . . 1 1 . 4 . . . . 3 . . . . 2 . . . . . . . . . . Worker 9 | . 1 . 2 . . . . . . . . . . . 2 . 2 . . . . . . . . . 2 . . Builder 4 | . . . 1 . . . . . . . . . . . 2 . 1 . . . . . . . . . . . . Tunneler 8 | . . 7 . . . . 1 . . . . . . . . . . . . . . . . . . . . . . Hauler 12 | . . . 5 . . . 5 . . 2 . . . . . . . . . . . . . . . . . . . Recycler 29 | . . 3 8 5 . . 5 . . 1 . . . . 2 . 5 . . . . . . . . . . . . Operator 2 | . . . 1 . . . 1 . . . . . . . . . . . . . . . . . . . . . . Drone 2 | . . . . . . . . . . . . . . 2 . . . . . . . . . . . . . . . Watcher 14 | . 3 . 5 . . . 4 . . . . . . . 1 . 1 . . . . . . . . . . . . Swarmer 74 | . 3 . 6 8 . 11 3 . . . 4 2 . 4 4 7 10 . . . . . . . . . 8 4 . Cutter 3 | . . . . . . . . . 3 . . . . . . . . . . . . . . . . . . . . Saboteur 5 | . . . . . . . . . 5 . . . . . . . . . . . . . . . . . . . . Grunt 86 | . 7 14 12 4 . . 18 . 14 4 2 2 . . 6 2 . . 1 . . . . . . . . . . Brawler 3 | . . . . . . . . . 1 . . . . 2 . . . . . . . . . . . . . . . Duelist 7 | . . . 2 . . . 2 . 1 1 1 . . . . . . . . . . . . . . . . . . Protector 2 | . . . . . . . . . . . . . . 2 . . . . . . . . . . . . . . . Sentry 29 | . . . 10 2 . . 10 . 3 . . . . 2 . . 1 . 1 . . . . . . . . . . Demolisher 3 | . . . . . . . . . . . . . . 3 . . . . . . . . . . . . . . . Hunter 5 | . . . . . . 1 . . 2 . . . . . 2 . . . . . . . . . . . . . . Programmer 4 | . . . . . . . . . 1 . 1 . . . 1 . 1 . . . . . . . . . . . . Heavy 1 | . . . . . . . 1 . . . . . . . . . . . . . . . . . . . . . . Master Thief 3 | . . . . . . . . . . . . . . . . . . . 3 . . . . . . . . . . Thug 1 | . . . . . . . . . . . . . . . . . . . 1 . . . . . . . . . . Fireman 3 | . . . . . . . . . . . . . . . . . . . 3 . . . . . . . . . . Best Kill Streak 9 | . 3 5 4 5 . 4 4 . 6 4 3 2 . 4 6 9 5 . 4 . . . . . . . 6 3 . Combat Bots Only 9 | . 3 2 4 5 . 4 3 . 6 3 3 2 . 4 4 9 3 . 4 . . . . . . . 4 3 . Max Kills in Single Turn 6 | . 1 2 3 2 . 2 1 . 3 2 1 2 . 1 6 5 3 . 2 . . . . . . . 2 1 . Gunslinging 2 | . . . 2 1 . 1 . . 1 . . 1 . . . . . . . . . . . . . . . . . Exploded 5 | . 1 . . . . . . . 3 . . . . 1 4 5 3 . 2 . . . . . . . 1 . . Melee 1 | . . . . . . . . . . . . . . . . . 1 . . . . . . . . . . . . Uniques/NPCs Destroyed . | . . . . . . . . . . . . . . . . . . . . . . . . . . . . . . Combat | -11 -10 -10 -9 -9 -9 -8 -8 -7 -7 -7 -7 -7 -7 -6 -6 -6 -6 -6 -6 -6 -5 -5 -5 -5 -5 -4 -4 -4 -4 -------- Run | Yrd Mat Min Mat Min Exi Min Mat Fac Gar Fac Low Low Dat Pro Fac Gar Fac Low Low Zio Pro Fac Upp Upp War Pro Fac Upp Upp Hostile Shots Fired 1283 | . 43 42 82 34 . 41 94 . 200 12 42 21 . 69 58 18 165 . 57 76 3 2 17 19 . 6 94 69 19 Missed 453 | . 14 10 18 6 . 14 37 . 67 6 12 7 . 23 24 8 66 . 23 29 2 . 6 10 . 3 29 30 9 Hits 830 | . 29 32 64 28 . 27 57 . 133 6 30 14 . 46 34 10 99 . 34 47 1 2 11 9 . 3 65 39 10 Melee 46 | . . . 2 . . . 3 . 21 . . 3 . . . 4 . . 4 . . . 8 . . . . . 1 Projectile 784 | . 29 32 62 28 . 27 54 . 112 6 30 11 . 46 34 6 99 . 30 47 1 2 3 9 . 3 65 39 9 AOE 5 | . . . . . . . . . . . . . . 3 . . 2 . . . . . . . . . . . . Critical Strikes 29 | . . . 3 . . . 1 . 13 1 1 . . 1 . 1 3 . . . . . . . . 2 2 1 . Damage Taken 12864 | . 313 412 874 306 . 256 1021 . 2068 131 462 165 . 860 656 358 1527 . 437 499 20 39 134 161 . 62 1263 643 197 Core 2852 | . 48 95 63 16 . 10 112 . 173 50 12 42 . 70 95 93 303 . 120 190 20 . . 121 . 62 599 424 134 Absorbed by Shields . | . . . . . . . . . . . . . . . . . . . . . . . . . . . . . . Ignored by Resistances 6 | . . . . . . . . . . . 6 . . . . . . . . . . . . . . . . . . Regen/Repaired (Parts) 234 | . . . 234 . . . . . . . . . . . . . . . . . . . . . . . . . . Core Remaining (%) 61 | 100 . 42 . . . 77 79 . . . . . . 50 . . . . . . 3 . . . . 81 . . . Volleys Fired 577 | . 33 55 87 30 . 18 104 . 71 14 24 11 . 34 15 3 32 . 11 . . . . . . . 29 6 . Largest 4 | . 2 2 3 3 . 3 3 . 3 3 3 3 . 3 4 4 2 . 2 . . . . . . . 2 1 . Hottest 163 | . 80 100 69 69 . 69 75 . 133 123 123 123 . 128 163 131 69 . 89 . . . . . . . 75 15 . Shots Fired 1444 | . 66 98 261 90 . 54 312 . 181 41 66 35 . 87 45 9 37 . 21 . . . . . . . 35 6 . Gun 1378 | . 66 86 261 90 . 54 312 . 176 41 66 35 . 76 41 6 27 . . . . . . . . . 35 6 . Cannon . | . . . . . . . . . . . . . . . . . . . . . . . . . . . . . . Launcher 54 | . . . . . . . . . 5 . . . . 11 4 3 10 . 21 . . . . . . . . . . Special 12 | . . 12 . . . . . . . . . . . . . . . . . . . . . . . . . . . Kinetic 1283 | . 23 86 261 90 . 54 312 . 165 33 49 25 . 73 40 6 27 . . . . . . . . . 33 6 . Thermal 44 | . . 12 . . . . . . . 8 17 7 . . . . . . . . . . . . . . . . . Explosive 8 | . . . . . . . . . . . . . . 1 4 3 . . . . . . . . . . . . . Electromagnetic 109 | . 43 . . . . . . . 16 . . 3 . 13 1 . 10 . 21 . . . . . . . 2 . . Robot Hit Streak 25 | . 12 25 14 16 . 17 15 . 17 11 14 3 . 9 10 5 5 . 9 . . . . . . . 7 7 . Robot Miss Streak 8 | . 4 5 7 7 . 6 7 . 6 4 7 8 . 3 7 3 5 . 1 . . . . . . . 3 . . Penetration Max 1 | . . . . . . . . . 1 . 1 . . . . . . . . . . . . . . . . . . Secondary Targets 41 | . 4 3 6 2 . 2 4 . 12 1 3 1 . 3 . . . . . . . . . . . . . . . Max Gunslinging Chain 2 | . 1 1 2 1 . 1 1 . 1 1 1 1 . 1 . . . . . . . . . . . . . . . Shots Hit Robots 1003 | . 46 65 191 63 . 31 215 . 131 26 36 17 . 55 32 5 45 . 16 . . 5 . . . . 18 6 . Core Hits 635 | . 20 44 98 34 . 16 108 . 76 15 16 9 . 57 71 25 21 . 13 . . . . . . . 8 4 . Critical Kills 5 | . . . 1 . . . 1 . 1 1 1 . . . . . . . . . . . . . . . . . . Critical Parts Destroyed 14 | . . 2 2 1 . . . . 2 . 1 . . . . . 6 . . . . . . . . . . . . Critical Strikes 20 | . . 2 3 1 . . 1 . 3 1 3 . . . . . 6 . . . . . . . . . . . . Burn 1 | . . . . . . . . . . . 1 . . . . . . . . . . . . . . . . . . Destroy 13 | . . 2 3 1 . . 1 . 3 1 2 . . . . . . . . . . . . . . . . . . Smash 6 | . . . . . . . . . . . . . . . . . 6 . . . . . . . . . . . . Melee Attacks 51 | . 2 . . . . . . 1 2 . . . . . . . 37 . . . 1 5 . . . . 2 1 . Impact 33 | . . . . . . . . 1 . . . . . . . . 32 . . . . . . . . . . . . Slashing 2 | . . . . . . . . . . . . . . . . . . . . . 1 . . . . . . 1 . Piercing . | . . . . . . . . . . . . . . . . . . . . . . . . . . . . . . Sneak Attacks 19 | . 2 . . . . . . . 2 . . . . . . . 9 . . . . 4 . . . . 2 . . Combat Hostiles . | . . . . . . . . . . . . . . . . . . . . . . . . . . . . . . Follow-up Attacks . | . . . . . . . . . . . . . . . . . . . . . . . . . . . . . . Damage Inflicted 22922 | 9 851 1073 3142 962 . 467 3706 . 2871 549 799 354 . 1501 1985 819 1971 . 1141 . . . . . . . 589 133 . Guns 16667 | . 722 1059 3123 914 . 397 3696 . 2706 549 799 354 . 966 509 86 265 . . . . . . . . . 389 133 . Cannons . | . . . . . . . . . . . . . . . . . . . . . . . . . . . . . . Explosions 4790 | . 129 . . . . . . . 165 . . . . 535 1461 733 426 . 1141 . . . . . . . 200 . . Melee 1277 | . . . . . . . . . . . . . . . . . 1277 . . . . . . . . . . . . Ramming 188 | 9 . 14 19 48 . 70 10 . . . . . . . 15 . 3 . . . . . . . . . . . . Kinetic 15596 | . 273 1059 3123 914 . 397 3696 . 2601 435 589 213 . 914 509 86 265 . . . . . . . . . 389 133 . Thermal 1031 | . 129 . . . . . . . 26 114 210 111 . 190 . . . . 51 . . . . . . . 200 . . Explosive 2296 | . . . . . . . . . . . . . . 102 1461 733 . . . . . . . . . . . . . Electromagnetic 2534 | . 449 . . . . . . . 244 . . 30 . 295 . . 426 . 1090 . . . . . . . . . . Impact 1277 | . . . . . . . . . . . . . . . . . 1277 . . . . . . . . . . . . Slashing . | . . . . . . . . . . . . . . . . . . . . . . . . . . . . . . Piercing . | . . . . . . . . . . . . . . . . . . . . . . . . . . . . . . Highest Corruption 90 | . . . . . . . 1 . 7 7 7 7 7 7 4 9 9 1 21 90 4 . . . . . . . . Average Corruption 4 | . . . . . . . 1 . 6 7 7 7 7 7 1 4 4 1 4 27 4 . . . . . . . . Corruption Purged 3 | . . . . . . . . . . . . . . . . . 3 . . . . . . . . . . . . Corruption Blocked . | . . . . . . . . . . . . . . . . . . . . . . . . . . . . . . Effects 203 | . . . . . . . 15 . 34 8 16 38 4 34 4 6 22 3 13 5 1 . . . . . . . . Message Errors 43 | . . . . . . . 4 . 12 . 3 8 2 4 1 2 5 . 1 1 . . . . . . . . . Matter Fused 46 | . . . . . . . 6 . 8 . 3 7 . 10 2 2 5 . 2 . 1 . . . . . . . . Heat Flow Errors 30 | . . . . . . . 3 . 5 3 2 4 1 5 . . 2 1 3 1 . . . . . . . . . Energy Discharges 19 | . . . . . . . . . 2 . 4 3 . 2 . 1 3 1 3 . . . . . . . . . . Parts Rejected 1 | . . . . . . . . . 1 . . . . . . . . . . . . . . . . . . . . Parts Fused 4 | . . . . . . . . . . . 1 . . 1 . . 1 . . 1 . . . . . . . . . Data Loss (minor) 27 | . . . . . . . 2 . 1 2 1 12 . 5 1 . 1 . 1 1 . . . . . . . . . Data Loss (major) 13 | . . . . . . . . . 2 . 1 1 . 4 . 1 1 1 1 1 . . . . . . . . . Misfires 10 | . . . . . . . . . 1 1 1 3 . 2 . . 2 . . . . . . . . . . . . Alerts 5 | . . . . . . . . . . . . . 1 1 . . 2 . 1 . . . . . . . . . . Weapon Failures 5 | . . . . . . . . . 2 2 . . . . . . . . 1 . . . . . . . . . . Overload Shots . | . . . . . . . . . . . . . . . . . . . . . . . . . . . . . . Overflow Damage 1135 | . . . . . . . . . . . . . . 80 35 13 813 . 40 . . . . . . . 154 . . Projectiles . | . . . . . . . . . . . . . . . . . . . . . . . . . . . . . . Explosions 349 | . . . . . . . . . . . . . . 80 35 13 27 . 40 . . . . . . . 154 . . Melee 786 | . . . . . . . . . . . . . . . . . 786 . . . . . . . . . . . . Knockbacks 8 | . . . . . . 2 1 . . . . . . . . . 5 . . . . . . . . . . . . Impact 8 | . . . . . . 2 1 . . . . . . . . . 5 . . . . . . . . . . . . Kinetic . | . . . . . . . . . . . . . . . . . . . . . . . . . . . . . . Secondary . | . . . . . . . . . . . . . . . . . . . . . . . . . . . . . . Self-Inflicted Damage 1042 | . . . . . . . . . 68 . . . . 313 95 136 1 . 183 . . . . . . . 246 . . Shots 35 | . . . . . . . . . 3 . . . . 10 3 6 . . 9 . . . . . . . 4 . . Rammed 17 | 2 . 3 3 7 . . . . . . . . . . 1 . 1 . . . . . . . . . . . . Targets Rammed 28 | 2 . 4 3 7 . 8 2 . . . . . . . 1 . 1 . . . . . . . . . . . . Kicked 10 | . . . . . . 8 2 . . . . . . . . . . . . . . . . . . . . . . Crushed 1 | . . 1 . . . . . . . . . . . . . . . . . . . . . . . . . . . Highest Temperature 320 | . 87 4 18 . . . 236 . 320 240 239 237 128 253 36 3 243 83 203 242 . . . . . 24 28 . . Average Temperature 70 | . 23 4 10 . . . 85 . 74 98 99 66 68 76 11 3 70 53 56 132 . . . . . 24 28 . . Received Heat Transfer 2336 | . 135 234 318 99 . . 378 . 510 90 36 9 . 72 45 18 84 . 100 . 9 18 18 12 . 64 24 27 36 Effects 2 | . . . . . . . . . 1 . . . . . . . . . 1 . . . . . . . . . . Energy Bleed 2 | . . . . . . . . . 1 . . . . . . . . . 1 . . . . . . . . . . Siege Activations . | . . . . . . . . . . . . . . . . . . . . . . . . . . . . . . Martial Activations . | . . . . . . . . . . . . . . . . . . . . . . . . . . . . . . Shielding Activations . | . . . . . . . . . . . . . . . . . . . . . . . . . . . . . . Robots Disrupted . | . . . . . . . . . . . . . . . . . . . . . . . . . . . . . . Combat Hostiles . | . . . . . . . . . . . . . . . . . . . . . . . . . . . . . . Robots Corrupted 9 | . 1 . . . . . . . . . . . . . . . 4 . 4 . . . . . . . . . . Combat Hostiles 6 | . 1 . . . . . . . . . . . . . . . 1 . 4 . . . . . . . . . . Parts Fried 35 | . 2 . . . . . . . 2 . . . . 1 . . 11 . 19 . . . . . . . . . . Impact Corruptions 21 | . . . . . . . . . . . . . . . . . 21 . . . . . . . . . . . . Robots Melted . | . . . . . . . . . . . . . . . . . . . . . . . . . . . . . . Combat Hostiles . | . . . . . . . . . . . . . . . . . . . . . . . . . . . . . . Parts Melted . | . . . . . . . . . . . . . . . . . . . . . . . . . . . . . . Heat Transferred 1287 | . 100 . . . . . . . 50 185 407 185 . 160 . . . . 100 . . . . . . . 100 . . Parts Sabotaged 4 | . . . . . . . . . 4 . . . . . . . . . . . . . . . . . . . . Parts Stolen 11 | . . . . . . . . . . . . 2 . . . . . . 3 . . . 6 . . . . . . Parts Stripped . | . . . . . . . . . . . . . . . . . . . . . . . . . . . . . . Power Chain Reactions 9 | . 3 . . . . . . . 3 . . . . 1 . . 1 . 1 . . . . . . . . . . Alert | -11 -10 -10 -9 -9 -9 -8 -8 -7 -7 -7 -7 -7 -7 -6 -6 -6 -6 -6 -6 -6 -5 -5 -5 -5 -5 -4 -4 -4 -4 ------- Run | Yrd Mat Min Mat Min Exi Min Mat Fac Gar Fac Low Low Dat Pro Fac Gar Fac Low Low Zio Pro Fac Upp Upp War Pro Fac Upp Upp Maximum Alert Level 4 | . . 1 1 . . . 2 1 4 3 . . . . 2 2 1 . . . . . . . . . 1 . . Low Security (%) 66 | 100 100 98 31 100 . 100 55 . 6 . . . . . 39 . 97 . . . . 100 . . . . 43 . . Level 1 21 | . . 1 68 . . . 24 100 7 . . . . . 38 39 2 . . . . . . . . . 56 . . Level 2 8 | . . . . . . . 20 . 44 38 . . . . 22 60 . . . . . . . . . . . . . Level 3 3 | . . . . . . . . . 35 61 . . . . . . . . . . . . . . . . . . . Level 4 . | . . . . . . . . . 5 . . . . . . . . . . . . . . . . . . . . Level 5 . | . . . . . . . . . . . . . . . . . . . . . . . . . . . . . . High Security . | . . . . . . . . . . . . . . . . . . . . . . . . . . . . . . Max Security . | . . . . . . . . . . . . . . . . . . . . . . . . . . . . . . Peak Influence 1186 | . 133 206 357 178 . 85 666 291 1186 815 . . . . 470 418 214 . . . . 150 . . . . 310 . . Initial 622 | . . 32 66 73 . . . 291 172 622 . . . . . 214 214 . . . . 150 . . . . 9 . . Average 172 | . 29 50 215 46 . 22 223 269 685 712 . . . . 235 339 57 . . . . 111 . . . . 167 . . Influence Increases 8244 | . 420 526 1049 347 . 325 1269 5 1084 263 220 90 . 245 631 214 444 . 55 . . 231 45 . . 45 511 225 . Destroy 0b10 Robot/C 4560 | . 200 380 640 280 . 240 680 . 620 120 160 80 . 200 260 180 240 . 40 . . . . . . . 160 80 . Destroy 0b10 Robot/NC 415 | . 20 50 110 25 . . 80 . . 15 . . . 20 40 . 45 . . . . . . . . . 10 . . Destroy Leader 794 | . 46 40 190 40 . 40 198 . 30 24 30 10 . 10 54 . 52 . . . . . . . . . 20 10 . Allied During Kill 67 | . . 39 13 . . . . . . 8 . . . . 7 . . . . . . . . . . . . . . Successful Hack 187 | . 42 . 35 . . . 46 4 14 . . . . . 5 . . . . . . 36 . . . . 5 . . Select Force Hacks 30 | . 30 . . . . . . . . . . . . . . . . . . . . . . . . . . . . Disable Machine 390 | . 30 . . . . . 30 . . 60 . . . . 135 . 75 . . . . . . . . . 60 . . Anti-Garrison Action 450 | . . . . . . . 200 . 250 . . . . . . . . . . . . . . . . . . . . Destroy Structure 346 | . 7 2 1 2 . . 5 1 35 21 . . . . 130 34 2 . . . . . . . . . 106 . . Advance Influence 150 | . . . . . . . . . . . . . . . . . . . . . . 150 . . . . . . . Partial Spotted 30 | . 15 . . . . . . . . . . . . . . . . . . . . . . . . . 15 . . Lose Combat Pursuer 825 | . 30 15 60 . . 45 30 . 135 15 30 . . 15 . . 30 . 15 . . 45 45 . . 45 135 135 . Influence Decreases 8129 | . 336 437 1032 537 . 325 626 402 144 644 583 532 . 245 325 112 784 68 55 . . 120 131 25 . 30 226 271 139 Entered New Map 2176 | . . 52 107 117 . . . 352 74 564 299 85 . . . 92 194 26 . . . . 42 6 . . 6 111 49 Time Decay 5004 | . 326 335 705 420 . 325 456 50 . 80 254 447 . 225 289 . 466 42 45 . . 110 50 9 . 30 140 130 70 Lost Part 519 | . 10 10 30 . . . 20 . 70 . 10 . . 20 16 20 124 . 10 . . . 39 10 . . 80 30 20 Lost Ally 130 | . . 40 40 . . . . . . . 20 . . . 20 . . . . . . 10 . . . . . . . Purge Threat 300 | . . . 150 . . . 150 . . . . . . . . . . . . . . . . . . . . . . Squads Dispatched 20 | . 1 . 2 . . . 4 . . 2 . . . . 4 . 5 . . . . . . . . . 2 . . Investigation 4 | . 1 . . . . . 1 . . . . . . . 1 . 1 . . . . . . . . . . . . Extermination 6 | . . . . . . . . . . . . . . . 2 . 3 . . . . . . . . . 1 . . Reinforcement 9 | . . . 2 . . . 2 . . 2 . . . . 1 . 1 . . . . . . . . . 1 . . Assault . | . . . . . . . . . . . . . . . . . . . . . . . . . . . . . . Garrison 1 | . . . . . . . 1 . . . . . . . . . . . . . . . . . . . . . . Intercept . | . . . . . . . . . . . . . . . . . . . . . . . . . . . . . . Searches Triggered . | . . . . . . . . . . . . . . . . . . . . . . . . . . . . . . Construction Impeded 4 | . . . . . . . 1 . . 1 . . . . 1 . 1 . . . . . . . . . . . . Haulers Reinforced . | . . . . . . . . . . . . . . . . . . . . . . . . . . . . . . Active Scanning Responses . | . . . . . . . . . . . . . . . . . . . . . . . . . . . . . . Cargo Convoy Interrupts . | . . . . . . . . . . . . . . . . . . . . . . . . . . . . . . Stealth | -11 -10 -10 -9 -9 -9 -8 -8 -7 -7 -7 -7 -7 -7 -6 -6 -6 -6 -6 -6 -6 -5 -5 -5 -5 -5 -4 -4 -4 -4 --------- Run | Yrd Mat Min Mat Min Exi Min Mat Fac Gar Fac Low Low Dat Pro Fac Gar Fac Low Low Zio Pro Fac Upp Upp War Pro Fac Upp Upp Distress Signals 48 | . 1 1 5 . . 1 1 . . 2 . . . 33 1 . . . . . 1 1 . . . . 1 . . Communications Jammed . | . . . . . . . . . . . . . . . . . . . . . . . . . . . . . . Distress Signals . | . . . . . . . . . . . . . . . . . . . . . . . . . . . . . . Times Spotted 367 | . 16 19 45 12 . 15 48 . 34 8 10 8 . 15 16 12 17 . 11 2 7 10 10 4 . 3 20 14 11 Peak Tracking Total 11 | . 3 2 9 3 . 4 3 . 6 5 4 3 . 4 4 7 3 . 4 2 5 6 8 4 . 3 8 11 11 Tactical Retreats 35 | . 2 1 4 . . 2 1 . 8 1 1 . . 1 . . 2 . 1 . . 1 2 . . 1 3 4 . Traps | -11 -10 -10 -9 -9 -9 -8 -8 -7 -7 -7 -7 -7 -7 -6 -6 -6 -6 -6 -6 -6 -5 -5 -5 -5 -5 -4 -4 -4 -4 ------- Run | Yrd Mat Min Mat Min Exi Min Mat Fac Gar Fac Low Low Dat Pro Fac Gar Fac Low Low Zio Pro Fac Upp Upp War Pro Fac Upp Upp Traps Triggered 9 | . . . . . . . 1 . 3 . . . . . . 1 4 . . . . . . . . . . . . Indirectly . | . . . . . . . . . . . . . . . . . . . . . . . . . . . . . . Trap Hack Attempts 70 | . 70 . . . . . . . . . . . . . . . . . . . . . . . . . . . . Triggered . | . . . . . . . . . . . . . . . . . . . . . . . . . . . . . . Disarmed . | . . . . . . . . . . . . . . . . . . . . . . . . . . . . . . Reprogrammed 14 | . 14 . . . . . . . . . . . . . . . . . . . . . . . . . . . . Reused . | . . . . . . . . . . . . . . . . . . . . . . . . . . . . . . Traps Extracted . | . . . . . . . . . . . . . . . . . . . . . . . . . . . . . . Installed . | . . . . . . . . . . . . . . . . . . . . . . . . . . . . . . Triggered . | . . . . . . . . . . . . . . . . . . . . . . . . . . . . . . Most Traps Carried 1 | . . . . . . . . . . . . . . . . . . . 1 . . . . . . . . . . Machines | -11 -10 -10 -9 -9 -9 -8 -8 -7 -7 -7 -7 -7 -7 -6 -6 -6 -6 -6 -6 -6 -5 -5 -5 -5 -5 -4 -4 -4 -4 ---------- Run | Yrd Mat Min Mat Min Exi Min Mat Fac Gar Fac Low Low Dat Pro Fac Gar Fac Low Low Zio Pro Fac Upp Upp War Pro Fac Upp Upp Machines Disabled 36 | . 2 . . . . . 2 . 3 4 . . . 6 9 . 5 . . . . . . . . . 4 1 . Max in Single Turn 4 | . 1 . . . . . 1 . 1 4 . . . 2 4 . 2 . . . . . . . . . 4 1 . Garrison Access 4 | . . . . . . . 1 . . . . . . . . . 2 . . . . 1 . . . . . . . Garrison Relay 3 | . . . . . . . . . 3 . . . . . . . . . . . . . . . . . . . . Machines Repaired . | . . . . . . . . . . . . . . . . . . . . . . . . . . . . . . Machines Dismantled . | . . . . . . . . . . . . . . . . . . . . . . . . . . . . . . Machines Sabotaged . | . . . . . . . . . . . . . . . . . . . . . . . . . . . . . . Overloaded Fab Kills . | . . . . . . . . . . . . . . . . . . . . . . . . . . . . . . Hacking | -11 -10 -10 -9 -9 -9 -8 -8 -7 -7 -7 -7 -7 -7 -6 -6 -6 -6 -6 -6 -6 -5 -5 -5 -5 -5 -4 -4 -4 -4 --------- Run | Yrd Mat Min Mat Min Exi Min Mat Fac Gar Fac Low Low Dat Pro Fac Gar Fac Low Low Zio Pro Fac Upp Upp War Pro Fac Upp Upp Machines Accessed 63 | . 9 1 11 . 2 1 15 1 2 1 . 2 3 . 4 . 3 . . . . 4 . . . . 2 2 . Terminals 34 | . 7 1 6 . . 1 10 . 2 1 . . . . 2 . . . . . . 2 . . . . 2 . . Fabricators 1 | . . . . . . . . . . . . . . . 1 . . . . . . . . . . . . . . Repair Stations 2 | . . . 2 . . . . . . . . . . . . . . . . . . . . . . . . . . Recycling Units 7 | . 2 . 2 . . . 2 . . . . . . . . . 1 . . . . . . . . . . . . Scanalyzers 4 | . . . 1 . . . 2 . . . . . . . . . . . . . . 1 . . . . . . . Garrison Access 6 | . . . . . . . 1 1 . . . . . . 1 . 2 . . . . 1 . . . . . . . Total Hacks 191 | . 38 2 29 . 5 5 50 4 4 3 . 8 17 . 8 . 3 . . . . 9 . . . . 4 2 . Successful 117 | . 24 . 18 . 5 . 27 1 1 . . 8 17 . 5 . 2 . . . . 6 . . . . 1 2 . Failed 70 | . 13 2 10 . . 5 22 3 3 3 . . . . 3 . 1 . . . . 2 . . . . 3 . . Catastrophic 9 | . 1 . . . . 1 4 . . 1 . . . . 1 . . . . . . . . . . . 1 . . Database Lockouts 4 | . 1 . 1 . . . 1 . . . . . . . . . . . . . . 1 . . . . . . . Manual 92 | . 26 . 19 . 1 5 26 . . 3 . . . . 3 . 1 . . . . 5 . . . . 3 . . Terminals 113 | . 31 2 15 . . 5 39 . 4 3 . . . . 4 . . . . . . 6 . . . . 4 . . Fabricators 3 | . . . . . . . . . . . . . . . 3 . . . . . . . . . . . . . . Repair Stations 8 | . . . 8 . . . . . . . . . . . . . . . . . . . . . . . . . . Recycling Units 17 | . 7 . 4 . . . 5 . . . . . . . . . 1 . . . . . . . . . . . . Scanalyzers 8 | . . . 2 . . . 4 . . . . . . . . . . . . . . 2 . . . . . . . Garrison Access 10 | . . . . . . . 2 4 . . . . . . 1 . 2 . . . . 1 . . . . . . . Terminal Hacks 68 | . 15 . 5 . 5 . 14 . 1 . . 8 17 . . . . . . . . 1 . . . . . 2 . Record 14 | . . . . . 4 . . . . . . 7 2 . . . . . . . . . . . . . . 1 . Part Schematic 8 | . . . . . . . . . . . . . 8 . . . . . . . . . . . . . . . . Robot Schematic 4 | . . . . . . . . . . . . . 4 . . . . . . . . . . . . . . . . Robot Analysis 5 | . 3 . 1 . . . 1 . . . . . . . . . . . . . . . . . . . . . . Prototype ID Bank 7 | . 2 . . . . . 2 . . . . . 3 . . . . . . . . . . . . . . . . Open Door 2 | . . . . . . . . . . . . 1 . . . . . . . . . . . . . . . 1 . Emergency Access Points 1 | . . . . . . . . . 1 . . . . . . . . . . . . . . . . . . . . Terminal Index 2 | . 1 . . . . . 1 . . . . . . . . . . . . . . . . . . . . . . Recycling Unit Index 1 | . 1 . . . . . . . . . . . . . . . . . . . . . . . . . . . . Alert Level 3 | . . . 1 . . . 2 . . . . . . . . . . . . . . . . . . . . . . Unreport Threat 2 | . . . 1 . . . 1 . . . . . . . . . . . . . . . . . . . . . . Locate Traps 8 | . 3 . 1 . . . 4 . . . . . . . . . . . . . . . . . . . . . . Reprogram Traps 1 | . 1 . . . . . . . . . . . . . . . . . . . . . . . . . . . . Dispatch Records 3 | . 1 . . . . . 2 . . . . . . . . . . . . . . . . . . . . . . Maintenance Status 1 | . 1 . . . . . . . . . . . . . . . . . . . . . . . . . . . . Hauler Manifests 3 | . 1 . . . . . 1 . . . . . . . . . . . . . . 1 . . . . . . . Zone Layout 2 | . 1 . 1 . . . . . . . . . . . . . . . . . . . . . . . . . . Proto ID Catalog 1 | . . . . . 1 . . . . . . . . . . . . . . . . . . . . . . . . Fabricator Hacks 2 | . . . . . . . . . . . . . . . 2 . . . . . . . . . . . . . . Load Schematic 2 | . . . . . . . . . . . . . . . 2 . . . . . . . . . . . . . . Repair Station Hacks 6 | . . . 6 . . . . . . . . . . . . . . . . . . . . . . . . . . Scan Component 3 | . . . 3 . . . . . . . . . . . . . . . . . . . . . . . . . . Repair 3 | . . . 3 . . . . . . . . . . . . . . . . . . . . . . . . . . Recycling Unit Hacks . | . . . . . . . . . . . . . . . . . . . . . . . . . . . . . . Scanalyzer 5 | . . . . . . . 4 . . . . . . . . . . . . . . 1 . . . . . . . Insert Component 1 | . . . . . . . 1 . . . . . . . . . . . . . . . . . . . . . . Analyze 1 | . . . . . . . 1 . . . . . . . . . . . . . . . . . . . . . . Retrieve Study 3 | . . . . . . . 2 . . . . . . . . . . . . . . 1 . . . . . . . Garrison Access Hacks 5 | . . . . . . . . 1 . . . . . . 1 . 2 . . . . 1 . . . . . . . Unlock Access 2 | . . . . . . . . 1 . . . . . . 1 . . . . . . . . . . . . . . Seal Access 3 | . . . . . . . . . . . . . . . . . 2 . . . . 1 . . . . . . . Unauthorized Hacks 31 | . 9 . 7 . . . 9 . . . . . . . 2 . . . . . . 3 . . . . 1 . . Terminals 16 | . 4 . 3 . . . 4 . . . . . . . 1 . . . . . . 3 . . . . 1 . . Assimilate 1 | . . . . . . . . . . . . . . . . . . . . . . 1 . . . . . . . Botnet 14 | . 3 . 3 . . . 4 . . . . . . . 1 . . . . . . 2 . . . . 1 . . Operators 1 | . 1 . . . . . . . . . . . . . . . . . . . . . . . . . . . . Fabricators 1 | . . . . . . . . . . . . . . . 1 . . . . . . . . . . . . . . Recompile 1 | . . . . . . . . . . . . . . . 1 . . . . . . . . . . . . . . Repair Stations 1 | . . . 1 . . . . . . . . . . . . . . . . . . . . . . . . . . Mechanics 1 | . . . 1 . . . . . . . . . . . . . . . . . . . . . . . . . . Recycling Units 12 | . 5 . 3 . . . 4 . . . . . . . . . . . . . . . . . . . . . . Monitor 1 | . 1 . . . . . . . . . . . . . . . . . . . . . . . . . . . . Reject 4 | . 1 . 1 . . . 2 . . . . . . . . . . . . . . . . . . . . . . Recyclers 2 | . 1 . 1 . . . . . . . . . . . . . . . . . . . . . . . . . . Mask 4 | . 1 . 1 . . . 2 . . . . . . . . . . . . . . . . . . . . . . Tunnel 1 | . 1 . . . . . . . . . . . . . . . . . . . . . . . . . . . . Scanalyzers . | . . . . . . . . . . . . . . . . . . . . . . . . . . . . . . Garrison Access 1 | . . . . . . . 1 . . . . . . . . . . . . . . . . . . . . . . Jam 1 | . . . . . . . 1 . . . . . . . . . . . . . . . . . . . . . . Data Cores Recovered 1 | . . . . . . . 1 . . . . . . . . . . . . . . . . . . . . . . Used . | . . . . . . . . . . . . . . . . . . . . . . . . . . . . . . Hacking Detections 47 | . 8 1 11 . . 1 15 . 1 1 . . . . 3 . 1 . . . . 3 . . . . 2 . . Full Trace Events . | . . . . . . . . . . . . . . . . . . . . . . . . . . . . . . Feedback Events . | . . . . . . . . . . . . . . . . . . . . . . . . . . . . . . Feedback Blocked . | . . . . . . . . . . . . . . . . . . . . . . . . . . . . . . Robot Schematics Acquired 4 | . . . . . . . . . . . . . 4 . . . . . . . . . . . . . . . . Robots Built . | . . . . . . . . . . . . . . . . . . . . . . . . . . . . . . Authchips . | . . . . . . . . . . . . . . . . . . . . . . . . . . . . . . Time . | . . . . . . . . . . . . . . . . . . . . . . . . . . . . . . Total Robot Build Rating . | . . . . . . . . . . . . . . . . . . . . . . . . . . . . . . Part Schematics Acquired 9 | . . . . . . . 1 . . . . . 8 . . . . . . . . . . . . . . . . Parts Built . | . . . . . . . . . . . . . . . . . . . . . . . . . . . . . . Authchips . | . . . . . . . . . . . . . . . . . . . . . . . . . . . . . . Time . | . . . . . . . . . . . . . . . . . . . . . . . . . . . . . . Total Part Build Rating . | . . . . . . . . . . . . . . . . . . . . . . . . . . . . . . Part Studies Acquired 3 | . . . . . . . 2 . . . . . . . . . . . . . . 1 . . . . . . . Parts Repaired 3 | . . . 3 . . . . . . . . . . . . . . . . . . . . . . . . . . Time 74 | . . . 74 . . . . . . . . . . . . . . . . . . . . . . . . . . Parts Recycled . | . . . . . . . . . . . . . . . . . . . . . . . . . . . . . . Recycled Matter . | . . . . . . . . . . . . . . . . . . . . . . . . . . . . . . Retrieved Matter . | . . . . . . . . . . . . . . . . . . . . . . . . . . . . . . Retrieved Components . | . . . . . . . . . . . . . . . . . . . . . . . . . . . . . . Parts Scanalyzed 1 | . . . . . . . 1 . . . . . . . . . . . . . . . . . . . . . . Part Schematics Acquired 1 | . . . . . . . 1 . . . . . . . . . . . . . . . . . . . . . . Parts Damaged . | . . . . . . . . . . . . . . . . . . . . . . . . . . . . . . Bothacking | -11 -10 -10 -9 -9 -9 -8 -8 -7 -7 -7 -7 -7 -7 -6 -6 -6 -6 -6 -6 -6 -5 -5 -5 -5 -5 -4 -4 -4 -4 ------------ Run | Yrd Mat Min Mat Min Exi Min Mat Fac Gar Fac Low Low Dat Pro Fac Gar Fac Low Low Zio Pro Fac Upp Upp War Pro Fac Upp Upp Used RIF Installer 1 | . . . . . . . . . 1 . . . . . . . . . . . . . . . . . . . . Robots Hacked 4 | . . . . . . . . . . . . . . . . . 1 . . . . 2 . . . . 1 . . Non-combat 4 | . . . . . . . . . . . . . . . . . 1 . . . . 2 . . . . 1 . . Combat . | . . . . . . . . . . . . . . . . . . . . . . . . . . . . . . Robot Hacks Applied 8 | . . . . . . . . . . . . . . . . . 2 . . . . 4 . . . . 2 . . parse_system 2 | . . . . . . . . . . . . . . . . . . . . . . 2 . . . . . . . find_chute 2 | . . . . . . . . . . . . . . . . . . . . . . . . . . . 2 . . find_fabricator 1 | . . . . . . . . . . . . . . . . . . . . . . 1 . . . . . . . find_dsf 1 | . . . . . . . . . . . . . . . . . . . . . . 1 . . . . . . . map_route 1 | . . . . . . . . . . . . . . . . . 1 . . . . . . . . . . . . link_fov 1 | . . . . . . . . . . . . . . . . . 1 . . . . . . . . . . . . Relay Couplers Released 20 | . . . . . . . . . 18 . . . . . . . 2 . . . . . . . . . . . . Machine Destruction 17 | . . . . . . . . . 15 . . . . . . . 2 . . . . . . . . . . . . Programmers 3 | . . . . . . . . . 3 . . . . . . . . . . . . . . . . . . . . Attached 4 | . . . . . . . . . . . . . . . . . 1 . . 3 . . . . . . . . . Fabnet Peak Effective % . | . . . . . . . . . . . . . . . . . . . . . . . . . . . . . . Robots Rewired 4 | . . . . . . . . . 2 . . . . 2 . . . . . . . . . . . . . . . Allies Hacked . | . . . . . . . . . . . . . . . . . . . . . . . . . . . . . . Hacks Repelled . | . . . . . . . . . . . . . . . . . . . . . . . . . . . . . . Allies | -11 -10 -10 -9 -9 -9 -8 -8 -7 -7 -7 -7 -7 -7 -6 -6 -6 -6 -6 -6 -6 -5 -5 -5 -5 -5 -4 -4 -4 -4 -------- Run | Yrd Mat Min Mat Min Exi Min Mat Fac Gar Fac Low Low Dat Pro Fac Gar Fac Low Low Zio Pro Fac Upp Upp War Pro Fac Upp Upp Total Allies 9 | . . 4 . . . . . . 2 . . . . 2 . . . . . . . 1 . . . . . . . Largest Group 3 | . . 3 2 . . . . . 2 2 1 . . 2 1 . . . . . . 1 . . . . . . . Highest-Rated Group 68 | . . 63 32 . . . . . 59 59 39 . . 68 31 . . . . . . 10 . . . . . . . Highest-Rated Ally 39 | . . 31 16 . . . . . 39 39 39 . . 34 31 . . . . . . 10 . . . . . . . Total Orders 7 | . . . . . . . 4 1 . 2 . . . . . . . . . . . . . . . . . . . EXPLORE 7 | . . . . . . . 4 1 . 2 . . . . . . . . . . . . . . . . . . . Ally Attacks 82 | . . 37 14 . . . . . 5 23 1 . . . 2 . . . . . . . . . . . . . . Total Damage 1039 | . . 416 124 . . . . . 52 186 34 . . . 227 . . . . . . . . . . . . . . Kills 11 | . . 5 2 . . . . . 1 2 . . . . 1 . . . . . . . . . . . . . . Allies Corrupted . | . . . . . . . . . . . . . . . . . . . . . . . . . . . . . . Allies Melted . | . . . . . . . . . . . . . . . . . . . . . . . . . . . . . . Intel | -11 -10 -10 -9 -9 -9 -8 -8 -7 -7 -7 -7 -7 -7 -6 -6 -6 -6 -6 -6 -6 -5 -5 -5 -5 -5 -4 -4 -4 -4 ------- Run | Yrd Mat Min Mat Min Exi Min Mat Fac Gar Fac Low Low Dat Pro Fac Gar Fac Low Low Zio Pro Fac Upp Upp War Pro Fac Upp Upp Active Infowar (turns) 6193 | . . . . . . . . . . . . . . 486 967 234 1740 559 654 142 105 233 137 91 19 90 318 276 142 Optics 5281 | . . . . . . . . . . . . . . 486 967 234 1740 559 654 124 . . . 51 19 90 318 39 . IFF 300 | . . . . . . . . . . . . . . . . . . . . . . . . . . . . 158 142 Terrain 19 | . . . . . . . . . . . . . . . . . . . . . . 19 . . . . . . . Decoding 1429 | . . . . . . . . . . . . . . . . . . . . 18 105 233 137 91 19 90 318 276 142 Robot Analysis Total 5 | . 3 . 1 . . . 1 . . . . . . . . . . . . . . . . . . . . . . Derelict Logs Recovered 13 | . . 2 . 3 . . . . . . 1 1 . . . . . 2 . . . . 1 1 . 1 . . 1 Drone Launches 7 | . . . . . . . 4 1 . 2 . . . . . . . . . . . . . . . . . . . Drone Recoveries 7 | . . . . . . . 4 1 . 2 . . . . . . . . . . . . . . . . . . . Decoded 0b10 Intel 27 | . . . . . . . . . . . . . . . . . . . . . . 8 . . . . 19 . . Emergency Access 4 | . . . . . . . . . . . . . . . . . . . . . . 2 . . . . 2 . . Items 13 | . . . . . . . . . . . . . . . . . . . . . . 4 . . . . 9 . . Machines 2 | . . . . . . . . . . . . . . . . . . . . . . . . . . . 2 . . Patrols 6 | . . . . . . . . . . . . . . . . . . . . . . 2 . . . . 4 . . Guards 2 | . . . . . . . . . . . . . . . . . . . . . . . . . . . 2 . . Exploration | -11 -10 -10 -9 -9 -9 -8 -8 -7 -7 -7 -7 -7 -7 -6 -6 -6 -6 -6 -6 -6 -5 -5 -5 -5 -5 -4 -4 -4 -4 ------------- Run | Yrd Mat Min Mat Min Exi Min Mat Fac Gar Fac Low Low Dat Pro Fac Gar Fac Low Low Zio Pro Fac Upp Upp War Pro Fac Upp Upp Turns Passed 23396 | 108 1495 2248 3090 1501 454 1333 2506 113 1274 167 559 1449 182 1170 967 234 1740 559 656 180 105 233 137 91 19 90 318 276 142 Spaces Moved 12397 | 62 788 780 1094 572 215 672 1378 85 723 49 205 577 75 516 347 88 882 348 324 152 241 421 366 198 37 168 431 373 230 Core 722 | 6 . . . . . . . . 1 . . . . . . . . . . . . . . 91 37 168 313 106 . Treads 5051 | 56 788 780 1094 572 115 . . . 22 49 205 577 75 516 201 . 1 . . . . . . . . . . . . Legs 3266 | . . . . . 100 672 1378 85 700 . . . . . 146 88 97 . . . . . . . . . . . . Wheels 1522 | . . . . . . . . . . . . . . . . . 784 348 324 44 . . . . . . 22 . . Hover 329 | . . . . . . . . . . . . . . . . . . . . . . 233 . . . . 96 . . Flight 1507 | . . . . . . . . . . . . . . . . . . . . 108 241 188 366 107 . . . 267 230 Fastest Speed 34 | 50 160 160 160 240 170 170 100 100 90 245 245 245 245 160 240 250 115 160 160 37 40 37 37 37 50 50 45 34 34 Average Speed 148 | 149 160 160 230 240 207 170 100 100 123 245 245 245 245 188 259 250 152 160 168 96 40 50 37 44 50 50 51 38 34 Slowest Speed 800 | 160 160 160 240 240 250 170 100 100 800 246 245 245 245 245 320 250 320 160 190 354 200 60 37 50 50 50 100 50 35 Overloaded Moves . | . . . . . . . . . . . . . . . . . . . . . . . . . . . . . . Propulsion Burnouts . | . . . . . . . . . . . . . . . . . . . . . . . . . . . . . . Robots Hopped 32 | . . . . . . . . . . . . . . . . . . . . . . 21 11 . . . . . . Potential Cave-ins . | . . . . . . . . . . . . . . . . . . . . . . . . . . . . . . Cave-ins Triggered . | . . . . . . . . . . . . . . . . . . . . . . . . . . . . . . Exploration Rate (%) 51 | 4 98 99 91 98 60 98 98 6 65 61 45 70 68 62 12 27 26 59 44 15 55 10 57 46 9 43 13 65 45 Regions Visited 29 Branch Regions 18 Pre-discovered Areas 6 | . 1 . . . 1 . . . . . . 1 1 . . . . 1 . . . . . . . 1 . . . Known Exits Taken 11 | . . . . . . 1 1 1 . . . . . 1 1 . 1 . . . 1 1 . . . 1 1 1 . Unknown Exits Taken 16 | 1 1 1 1 1 1 . . . . 1 1 1 1 . . . . 1 1 1 . . 1 1 1 . . . . Scrap Searched 27 | . . 1 . 2 . 1 . . . . 1 7 . 3 . . . 2 2 . 1 . . 2 . 2 . 2 1 Spaces Dug 1 | . . . . . . . . 1 . . . . . . . . . . . . . . . . . . . . . Terrain Destroyed 306 | . 7 2 . . . . . 1 18 17 . 1 . 2 171 30 . . 3 . . . . . . . 54 . . Melee 1 | . . . . . . . . 1 . . . . . . . . . . . . . . . . . . . . . Projectile 10 | . . 2 . . . . . . . 3 . 1 . . 1 . . . . . . . . . . . 3 . . AOE 295 | . 7 . . . . . . . 18 14 . . . 2 170 30 . . 3 . . . . . . . 51 . . Terrain Rammed . | . . . . . . . . . . . . . . . . . . . . . . . . . . . . . . Walls Destroyed . | . . . . . . . . . . . . . . . . . . . . . . . . . . . . . . Machines Disabled . | . . . . . . . . . . . . . . . . . . . . . . . . . . . . . . Actions | -11 -10 -10 -9 -9 -9 -8 -8 -7 -7 -7 -7 -7 -7 -6 -6 -6 -6 -6 -6 -6 -5 -5 -5 -5 -5 -4 -4 -4 -4 --------- Run | Yrd Mat Min Mat Min Exi Min Mat Fac Gar Fac Low Low Dat Pro Fac Gar Fac Low Low Zio Pro Fac Upp Upp War Pro Fac Upp Upp Total 16245 | 73 954 1658 1468 625 224 819 2326 111 997 79 233 599 74 677 384 95 1189 350 415 184 246 418 355 200 36 172 495 494 295 Wait 2593 | . 28 806 221 8 . 115 760 20 121 3 4 6 . 67 7 . 197 . 51 1 3 8 1 . . 1 10 96 59 Move 12313 | 61 787 779 1093 571 214 671 1377 84 722 48 204 576 74 515 347 87 881 347 323 151 240 384 345 197 36 167 430 372 230 Hop 24 | . . . . . . . . . . . . . . . . . . . . . . 15 9 . . . . . . Pick Up 126 | 4 15 4 18 1 3 3 18 . 17 1 . 1 . 7 4 . 9 1 11 1 . . . . . 3 1 3 1 Fast Attach 109 | 6 2 2 4 . 2 . 9 1 15 3 . 1 . 5 3 . 17 . 1 9 . 5 . 2 . 1 12 9 . Attach 60 | . 1 1 4 . . . 3 2 12 1 1 1 . 4 4 . 7 1 6 5 1 . . . . . 3 3 . Detach 40 | . 1 . . . . . . 1 4 2 . 2 . 4 . . 2 . 4 12 1 . . 1 . . 4 2 . Swap 89 | . 9 2 16 4 . 1 18 2 13 4 . 1 . 11 1 . 1 1 . 4 . . . . . . . 1 . Drop 137 | . 6 5 22 4 5 3 35 . 15 3 . . . 12 2 . 5 . 8 1 . 1 . . . . 4 1 5 Fire 577 | . 33 55 87 30 . 18 104 . 71 14 24 11 . 34 15 3 32 . 11 . . . . . . . 29 6 . Melee 51 | . 2 . . . . . . 1 2 . . . . . . . 37 . . . 1 5 . . . . 2 1 . Ram 1 | . . . . . . . . . . . . . . . . . 1 . . . . . . . . . . . . Kick 10 | . . . . . . 8 2 . . . . . . . . . . . . . . . . . . . . . . Crush 17 | 2 . 4 3 7 . . . . . . . . . . 1 . . . . . . . . . . . . . . Escape Stasis 10 | . . . . . . . . . 5 . . . . . . 5 . . . . . . . . . . . . . Rewire 18 | . . . . . . . . . . . . . . 18 . . . . . . . . . . . . . . . Trap 70 | . 70 . . . . . . . . . . . . . . . . . . . . . . . . . . . . Miscellaneous . | . . . . . . . . . . . . . . . . . . . . . . . . . . . . . . Route ------- -11/Scrapyard -10/Materials (discovered 5 exits: *Mat x3 / *Min / [*Sub]) -10/Mines (discovered 3 exits: *Mat x2 / [*Sub]) -9/Materials (discovered 5 exits: *Mat x3 / [*Min x2]) -9/Mines (discovered 3 exits: *Mat x2 / *Exi) -9/Exiles -8/Mines (discovered 2 exits: *Mat x2) -8/Materials (discovered 4 exits: *Fac x3 / *Sto) -7/Factory (discovered 2 exits: [*Low] / Gar) -7/Garrison (discovered 2 exits: *Fac x2) -7/Factory (discovered 2 exits: *Fac / [*Low]) -7/Lower Caves -7/Lower Caves (discovered 2 exits: Fac / *Dat) -7/Data Miner -6/Proximity Caves -6/Factory (discovered 3 exits: Fac x2 / Gar) -6/Garrison -6/Factory (discovered 2 exits: Fac / *Low) -6/Lower Caves -6/Lower Caves -6/Zion -5/Proximity Caves -5/Factory -5/Upper Caves -5/Upper Caves (discovered 2 exits: Fac / [*War]) -5/Warlord -4/Proximity Caves -4/Factory (discovered 2 exits: *Upp / Arm) -4/Upper Caves -4/Upper Caves History --------- Turn | Location | Event 52 | -11/Scrapyard | Discovered new exit (range 15) 109 | -11/Scrapyard | Entered Materials 279 | -10/Materials | Discovered new exit (range 16) 303 | -10/Materials | Build established: Mutant 691 | -10/Materials | Discovered new exit (range 16) 846 | -10/Materials | Discovered new exit (range 16) 1002 | -10/Materials | Discovered new exit (range 8) 1079 | -10/Materials | Central database locked down 1238 | -10/Materials | Discovered new exit (range 7) 1604 | -10/Materials | Entered Mines 1674 | -10/Mines | Discovered new exit (range 8) 1706 | -10/Mines | Learned 2 Materials zone layouts 1759 | -10/Mines | Discovered new exit (range 16) 2053 | -10/Mines | Excavation squad dispatched 2053 | -10/Mines | A large section of the Mines collapsed 2303 | -10/Mines | Excavation squad dispatched 2553 | -10/Mines | Excavation squad dispatched 2945 | -10/Mines | A weapon hastily lodged in a ceiling crevice suddenly fell to the ground 2967 | -10/Mines | Assisted by bots powering up and referring to "LRC-V3" 2987 | -10/Mines | Learned location of 1 exit from Materials 3267 | -10/Mines | Discovered new exit (range 10) 3326 | -10/Mines | Received a Mining Laser from a helpful Derelict 3397 | -10/Mines | Core integrity fell below 50% 3852 | -10/Mines | Entered Materials 3852 | -9/Materials | Accompanied by 2 allies 3852 | -9/Materials | Evolved 2 slots: Utility x1, Weapon x1 3853 | -9/Materials | Identified exit to Materials 4079 | -9/Materials | Discovered exit to Materials (range 3) 4433 | -9/Materials | Build established: Tank 4516 | -9/Materials | Central database locked down 5263 | -9/Materials | Discovered new exit (range 11) 5628 | -9/Materials | Discovered exit to Materials (range 16) 5887 | -9/Materials | Repaired Shotgun 6150 | -9/Materials | Discovered new exit (range 3) 6239 | -9/Materials | Repaired Lgt. Treads 6272 | -9/Materials | Repaired Shotgun 6942 | -9/Materials | Entered Mines 7035 | -9/Mines | Discovered exit to Materials (range 10) 7044 | -9/Mines | Discovered exit to Materials (range 10) 7091 | -9/Mines | Deemed a non-threat by the Exiles lab entrance 7091 | -9/Mines | Discovered new exit (range 5) 7432 | -9/Mines | Found a hidden stash of uninstalled traps 7652 | -9/Mines | Learned 4 Materials zone layouts 7763 | -9/Mines | Learned Materials terminal intel 8119 | -9/Mines | Found a Scrap Suit stashed away for nefarious purposes 8327 | -9/Mines | Build established: Scavenger-Tank 8443 | -9/Mines | Entered Exiles 8503 | -9/Exiles | Met 8R-AWN 8544 | -9/Exiles | Met EX-HEX 8619 | -9/Exiles | Met EX-BIN 8645 | -9/Exiles | Aligned with FarCom system 8647 | -9/Exiles | Given EX-Vault access code 8705 | -9/Exiles | Opened EX-Vault 8720 | -9/Exiles | Found Potential Leg 8725 | -9/Exiles | Found Potential Leg 8730 | -9/Exiles | Found Supersonic Drone Bay 8736 | -9/Exiles | Found Latent Energy Streamer 8773 | -9/Exiles | Warned to stay clear of 0b10 Research branches 8788 | -9/Exiles | Exiles lab attacked by MAIN.C 8829 | -9/Exiles | Learned location of Zion (-6) 8882 | -9/Exiles | Discovered new exit (range 10) 8897 | -9/Exiles | Stole three prototypes: Potential Leg, Supersonic Drone Bay, Latent Energy Streamer 8897 | -9/Exiles | Entered Mines 9195 | -8/Mines | Build established: Skirmisher 9768 | -8/Mines | Discovered exit to Materials (range 9) 9962 | -8/Mines | Discovered exit to Materials (range 10) 10230 | -8/Mines | Entered Materials 10230 | -8/Materials | Evolved 2 slots: Propulsion x1, Utility x1 10231 | -8/Materials | Identified exit to Storage 10232 | -8/Materials | Identified exit to Factory 10233 | -8/Materials | Loaded intel: 12 terminal locations 10519 | -8/Materials | Build established: Scavenger-Skirmisher 10682 | -8/Materials | Central database locked down 11529 | -8/Materials | Discovered exit to Factory (range 3) 11925 | -8/Materials | Discovered exit to Factory (range 16) 12189 | -8/Materials | Garrison activated, responded to threat 12402 | -8/Materials | Build established: Skirmisher 12736 | -8/Materials | Entered Factory 12736 | -7/Factory | Evolved 2 slots: Utility x2 12738 | -7/Factory | FarCom data flow suspended 12756 | -7/Factory | Discovered new exit (range 37) 12796 | -7/Factory | Identified exit to Garrison 12849 | -7/Factory | Entered Garrison 13179 | -7/Garrison | Discovered new exit (range 14) 13259 | -7/Garrison | Triggered checkpoint 13367 | -7/Garrison | Garrison Relay disabled 13427 | -7/Garrison | Triggered checkpoint 13581 | -7/Garrison | Build established: Scavenger-Gunner 13660 | -7/Garrison | Lost 4 parts (1p1u2w) 13690 | -7/Garrison | Discovered new exit (range 12) 13699 | -7/Garrison | Installed Relay Interface Framework 13777 | -7/Garrison | Triggered checkpoint 13793 | -7/Garrison | Garrison Relay disabled 13799 | -7/Garrison | Garrison Relay disabled 14123 | -7/Garrison | Entered Factory 14123 | -7/Factory | Accompanied by 2 allies 14135 | -7/Factory | Discovered new exit (range 13) 14169 | -7/Factory | Discovered new exit (range 140) 14290 | -7/Factory | Entered Lower Caves 14290 | -7/Lower Caves | Accompanied by 1 ally 14675 | -7/Lower Caves | Learned Factory trap positions 14822 | -7/Lower Caves | Discovered new exit (range 12) 14849 | -7/Lower Caves | Entered another Lower Caves area 14851 | -7/Lower Caves | Encountered a Master Thief 14851 | -7/Lower Caves | Encountered a Master Thief 14852 | -7/Lower Caves | Supersonic Drone Bay stolen by Master Thief 14853 | -7/Lower Caves | Latent Energy Streamer stolen by Master Thief 15239 | -7/Lower Caves | Entered an active Warlord outpost 15258 | -7/Lower Caves | Identified exit to Factory 15258 | -7/Lower Caves | Learned Research terminal intel 15258 | -7/Lower Caves | Learned Extension terminal intel 15258 | -7/Lower Caves | Learned Armory terminal intel 15740 | -7/Lower Caves | Learned 8 Factory zone layouts 15840 | -7/Lower Caves | Discovered new exit (range 3) 16298 | -7/Lower Caves | Entered Data Miner 16298 | -7/Data Miner | Discovered new exit (range 7) 16345 | -7/Data Miner | Met Data Miner 16389 | -7/Data Miner | Learned location of Section 7 (-3) 16389 | -7/Data Miner | Acquired the access code to Warlord's prototype stash 16423 | -7/Data Miner | Received God Mode back door access code from Data Miner 16480 | -7/Data Miner | Entered Proximity Caves 16945 | -6/Proximity Caves | Attracted the attention of an 0b10 checkpoint 17425 | -6/Proximity Caves | Found Prototype Launcher 17425 | -6/Proximity Caves | Identified Tesla Bomb Launcher 17444 | -6/Proximity Caves | Found Prototype Launcher 17444 | -6/Proximity Caves | Identified Scatter Rocket Array 17448 | -6/Proximity Caves | Found Scatter Rocket Array 17450 | -6/Proximity Caves | Found Rocket Array 17453 | -6/Proximity Caves | Found Rocket Array 17473 | -6/Proximity Caves | Found Tesla Bomb Launcher 17650 | -6/Proximity Caves | Entered Factory 17650 | -6/Factory | Accompanied by 1 ally 17650 | -6/Factory | Evolved 2 slots: Power x1, Weapon x1 17651 | -6/Factory | Identified exit to Factory 17653 | -6/Factory | Loaded intel: 86 trap records 18617 | -6/Factory | Identified exit to Garrison 18617 | -6/Factory | Entered Garrison 18702 | -6/Garrison | Triggered checkpoint 18702 | -6/Garrison | Triggered checkpoint 18731 | -6/Garrison | Destroyed 9 combat bots 18801 | -6/Garrison | Triggered checkpoint 18823 | -6/Garrison | Discovered new exit (range 12) 18851 | -6/Garrison | Entered Factory 19340 | -6/Factory | Build established: Scavenger-Mutant 19371 | -6/Factory | Lost 4 parts (1n1u2w) 19412 | -6/Factory | Found Unknown Device 19573 | -6/Factory | Lost 3 parts (1p1n1w) 20024 | -6/Factory | Watched by a mysterious "MATRIX" hacker 20249 | -6/Factory | Core integrity fell below 50% 20306 | -6/Factory | Lost 3 parts (2p1w) 20452 | -6/Factory | Discovered new exit (range 12) 20473 | -6/Factory | Identified exit to Lower Caves 20530 | -6/Factory | Discovered exit to Factory (range 121) 20550 | -6/Factory | Build established: Mutant 20591 | -6/Factory | Entered Lower Caves 20595 | -6/Lower Caves | Learned location of 1 exit from Factory 21113 | -6/Lower Caves | Discovered new exit (range 8) 21150 | -6/Lower Caves | Entered another Lower Caves area 21252 | -6/Lower Caves | Encountered a Warlord checkpoint 21300 | -6/Lower Caves | Attracted the attention of an 0b10 checkpoint 21465 | -6/Lower Caves | Ambushed by wild Derelicts 21666 | -6/Lower Caves | Encountered a Master Thief 21668 | -6/Lower Caves | Encountered a Master Thief 21668 | -6/Lower Caves | Encountered a Master Thief 21668 | -6/Lower Caves | Neutron Missile Launcher stolen by Master Thief 21670 | -6/Lower Caves | Neutron Missile Launcher stolen by Master Thief 21671 | -6/Lower Caves | System corruption reached 10% 21696 | -6/Lower Caves | Identified Launcher Loader 21770 | -6/Lower Caves | Discovered new exit (range 8) 21806 | -6/Lower Caves | Entered Zion 21855 | -6/Zion | System corruption reached 30% 21875 | -6/Zion | System corruption cleaned by Quarantine Array 21881 | -6/Zion | RIF detected upon attempting to enter Zion 21881 | -6/Zion | Attacked by Zionites 21881 | -6/Zion | Spotted XN-V3E(B) 21881 | -6/Zion | Spotted 3L-5Q5(B) 21931 | -6/Zion | Core integrity fell below 20% 21956 | -6/Zion | Found Prototype Hackware 21956 | -6/Zion | Identified Exp. Hacking Suite 21963 | -6/Zion | Found Prototype Processor 21963 | -6/Zion | Identified Exp. Melee Analysis Suite 21965 | -6/Zion | Lost 7 parts (1p3n2u1w) 21966 | -6/Zion | Found Prototype Processor 21966 | -6/Zion | Identified Spectral Analyzer 21982 | -6/Zion | Discovered new exit (range 10) 21986 | -6/Zion | Entered Proximity Caves 21990 | -5/Proximity Caves | Spotter reported a threat 22086 | -5/Proximity Caves | Discovered exit to Factory (range 13) 22091 | -5/Proximity Caves | Entered Factory 22091 | -5/Factory | Evolved 2 slots: Utility x2 22092 | -5/Factory | Identified exit to Upper Caves 22183 | -5/Factory | Central database locked down 22324 | -5/Factory | Entered Upper Caves 22326 | -5/Upper Caves | Encountered a Master Thief 22326 | -5/Upper Caves | Encountered a Master Thief 22343 | -5/Upper Caves | Encountered a Master Thief 22376 | -5/Upper Caves | Attracted the attention of an 0b10 outpost 22377 | -5/Upper Caves | Nanoactuators stolen by Master Thief 22402 | -5/Upper Caves | Master Tearclaws stolen by Master Thief 22411 | -5/Upper Caves | Learned Factory trap positions 22420 | -5/Upper Caves | Lost 3 parts (3u) 22421 | -5/Upper Caves | Master Tearclaws stolen by Master Thief 22445 | -5/Upper Caves | Discovered new exit (range 13) 22461 | -5/Upper Caves | Entered another Upper Caves area 22538 | -5/Upper Caves | Identified exit to Factory 22546 | -5/Upper Caves | Spotted B-75 Beast 22549 | -5/Upper Caves | Discovered new exit (range 5) 22552 | -5/Upper Caves | Entered Warlord 22567 | -5/Warlord | Discovered new exit (range 8) 22571 | -5/Warlord | Entered Proximity Caves 22581 | -4/Proximity Caves | Spotted B-86 Titan 22608 | -4/Proximity Caves | Learned location of Testing (-2) 22648 | -4/Proximity Caves | Discovered exit to Factory (range 10) 22661 | -4/Proximity Caves | Entered Factory 22661 | -4/Factory | Evolved 2 slots: Utility x2 22662 | -4/Factory | Identified exit to Armory 22663 | -4/Factory | Loaded intel: 94 trap records 22789 | -4/Factory | Lost 4 parts (1u3w) 22908 | -4/Factory | Core integrity fell below 50% 22954 | -4/Factory | Build established: Derelict-Mutant 22966 | -4/Factory | Discovered new exit (range 15) 22975 | -4/Factory | Identified exit to Upper Caves 22979 | -4/Factory | Entered Upper Caves 23027 | -4/Upper Caves | Core integrity fell below 20% 23049 | -4/Upper Caves | Lost 3 parts (2u1w) 23054 | -4/Upper Caves | Entered a destroyed Warlord outpost 23064 | -4/Upper Caves | Found DCF Scrap (10 items) 23093 | -4/Upper Caves | Discovered new exit (range 11) 23100 | -4/Upper Caves | Identified exit to Upper Caves 23139 | -4/Upper Caves | Found Alien Artifact 23255 | -4/Upper Caves | Entered another Upper Caves area 23338 | -4/Upper Caves | Learned location of 1 exit from Research 23375 | -4/Upper Caves | Encountered a Master Thief 23376 | -4/Upper Caves | Encountered a Master Thief 23377 | -4/Upper Caves | Encountered a Master Thief 23377 | -4/Upper Caves | Encountered a Master Thief 23389 | -4/Upper Caves | Encountered a Master Thief 23397 | -4/Upper Caves | Destroyed by G-67 Veteran with Plasma Rifle Last Messages --------------- 23252_ Slug penetrates AV-IJA(S). 23254_ Penetrated by Slug. LOCATION=UPPER CAVES GOAL=ESCAPE 23338_ Acquired derelict log, extracted data. Data stored: Research exits (x1). 23347_ Field Propulsion Drive destroyed. 23347_ Dropped Adv. Reaction Control System. 23347_ Dropped Sml. Storage Unit. 23348_ Dropped Angular Momentum Engine. 23349_ Acquired Sml. Storage Unit. 23350_ Penetrated by Slug. 23350_ Impulse Thruster destroyed. 23350_ Slug penetrates Wall. 23350_ Dropped Lgt. Nuclear Core. 23350_ Slug penetrates Wall. 23391_ Searching scrap... 23391_ Found Mak. Terrain Scanner. 23391_ Found 68 Matter. 23395_ Dropped Chainsword. Map ----- +----------------------------------------------------+ | | | | | ?????????????????????????????????????????????????? | | ?????????????????????????????????????????????????? | | ?????????????????????????????????????????????????? | | ?????????????????????????????????????????????????? | | ?????????????????????????????????????????????????? | | ?????????????????????????????????????????????????? | | ??????????????????????#####??????????????????????? | | ?????????????????????## ##?????????????????????? | | ????????????????????##! #?????????????????????? | | ????????????????????#%! #?????????????????????? | | ????????????????????# #?????????????????????? | | ????????????????????# ##?????????????????????? | | ????????????????????# ###?????????????????????? | | ????????????????????# ## #?????????????????????? | | ????????????????????# ##????????????????????? | | ????????????????##### ##???????????????????? | | ??????????????### #???????????????????? | | ?????????????## / #???????????????????? | | ?????????????# ##???????????????????? | | ?????????????##### #####????????????????????? | | ?????????????????# f#???#####???????# ???????? | | ?????????????????# ##?# ##???### ??????? | | ?????????????????# ## #???# ???????? | | ?????????????????## @ #??# ????????? | | ??????????????????# ## #???# #????????? | | ??????????????????# #????????# ##???????? | | ??????????????????# #???????## ######??? | | ??????????????????# ###????#### #??? | | ??????????????????# g #?????## #??? | | ??????????????????# #?##### #???? | | ??????????????????## g ### #?##? | | ???????????????????##g ## #? | | ????????????????????# g #? | | ????????????????????# #### #? | | ?????????????????# #??# #? | | ?????????????????# #??# ### ### | | ?????????????????## #??# ##?# ### | | ??????????????????## ??## #??# ## | | ???????????????????## ???# # ## | | ????????????????????# ???# ## ##### | | ???????????????????? ??# #### ##???# | | ???????????????????? ??# #??## ##????# | | ??????????????????? ??# #???### ##????# | | ???????????????????# ?? #?????# ##????# | | ???????????????????## ??? ###?????# #?????# | | ???????????????????? ??# ????????# ?????# # | | ???????????????????????????# ????????## ?????# ? | | ???????????????????????????# ????????? #?????# | +----------------------------------------------------+ Best States ------------- Heat Dissipation 75 Energy Generation 38 Energy Capacity 560 Matter Stores 300 Matter Capacity 300 Sight Range 22 Terrain Scan Range 20 Terrain Scan Density 110 Corruption Containment 8 Armor Coverage 225 Resistance: KI 30 Resistance: EM 20 Weapon Cycling 30 Melee Speed Boost 30 Evasion (%) 63 Targeting Accuracy 8 Melee Accuracy 12 Launcher Accuracy 20 Core Analysis 6 Recoil Reduction 4 Offensive Hacking 20 Relay Coupler Types 2 Relay Coupler Value 115 Authchip Count 1 Item Schematics ----------------- Hcp. Storage Unit | -8/Materials | Scanalyzed Combat Drone Bay | -7/Data Miner | Free Lgt. Regenerative Plating | -7/Data Miner | Free Cld. Cesium-ion Thruster | -7/Data Miner | Free Exp. Targeting Computer | -7/Data Miner | Free Antimatter Cannon | -7/Data Miner | Free Imp. Corruption Screen | -7/Data Miner | Free Hvy. Shock Bomb Launcher | -7/Data Miner | Free Antigrav System | -7/Data Miner | Free Robot Schematics ------------------ M-22 Extractor | -7/Data Miner | Free M-14 Sweeper | -7/Data Miner | Free E-15 Imp | -7/Data Miner | Free B-48 Gladiator | -7/Data Miner | Free Fabricated ------------ Nothing Repaired ---------- Shotgun | 6% | -9/Materials Lgt. Treads | 42% | -9/Materials Shotgun | 60% | -9/Materials Studied --------- Shotgun | -8/Materials | Hacked Minigun | -8/Materials | Hacked Gravmag System | -5/Factory | Hacked Alien Tech Used ----------------- None Achievements -------------- Gunslinger Challenges ------------ None Game ------ Seed ExperimentalTitaniumScrap Manual? 0 Play Time 02:30:30 Cumulative 254.0 hours Start 2026.08.22 @ 14:56:03 End 2026.08.22 @ 17:26:51 Sessions 1 Manual Loads 0 Difficulty Rogue Special Mode None Game No. 144 Rogue 144 Adventurer 0 Explorer 0 Win Type - Total 5 Types 5/0/0/0/0/0/0/0/0/0 Lore% 81 Gallery% 69 Achievement% 60 Wizard Run 0 Options --------- Layout 1 ASCII 0 Keyboard 0 Movement Numpad Keybinds 0 Fullscreen 1 Font 24/Smallcaps Map View 50x35 Zoom Use 0% Tactical HUD 1 Map Filters NONE Filters NONE Steam 1 RUN: 212a4a56-bd20-4818-aa76-8bed5fb766df